 Dungeon Crawl Stone Soup version 0.28-a0-1616-g050a50673c (webtiles) character file.

Game seed: 529975178623855009

6519 Shayle the Skirmisher (level 11, -6/82 HPs)
             Began as a Djinni Warper on Jan 22, 2022.
             Was a Follower of Ashenzari.
             Hit by a silver javelin thrown by a minotaur (13 damage)
             ... in a Gauntlet.
             The game lasted 00:46:22 (16111 turns).

Shayle the Skirmisher (Djinni Warper)              Turns: 16111, Time: 00:46:22

Health: -6/82      AC:  6    Str: 10    XL:     11   Next: 20%
Gold:   452        EV: 19    Int: 19    God:    Ashenzari [*.....] SH:  0 Dex: 18

rFire   + . .      SeeInvis .     - Unarmed
rCold   . . .      Faith    .   (shield currently unavailable)
rNeg    . . .      Spirit   .   (armour currently unavailable)
rPois   ∞          Reflect  .   (helmet currently unavailable)
rElec   .          Harm     .   (cloak currently unavailable)
rCorr   .          Rampage  .   (gloves currently unavailable)
Will    +....      NoTele   +   (boots unavailable)
Stlth   ++++......              (no amulet)
HPRegen 0.23/turn               n - ring "Mantic Paranoia" {AC+4, Self, Range} (curse)
MPRegen 0.00/turn               j - ring of Ashenzari's Scepticism {rF+, Melee, Fort} (curse)

@: spider-form (expiring), flying, studying Axes, invisible
A: venomous fangs, flying, sickness immunity, tiny, (fire resistance 2), (cold
vulnerability 1), float, innate caster, hp casting, extra vitality 1
a: End Transformation, Renounce Religion, Shatter the Chains


You were in a Gauntlet.
You worshipped Ashenzari.
Ashenzari was aware of your devotion.
You were a venomous arachnid creature.
You visited 3 branches of the dungeon, and saw 12 of its levels.
You also visited: Gauntlet.

You collected 602 gold pieces.
You spent 150 gold pieces at shops.

Inventory:

Hand Weapons
 h - a +1 vorpal flail
 u - the +8 whip "Kiwk" (melded) {pain, Int+6 Stlth+}
   (You found it on level 2 of the Dungeon)

   In the hands of one skilled in necromantic magic, it inflicts extra damage on
   living creatures.
   Your inability to study Necromancy prevents you from drawing on the full
   power of this weapon.
   Int:       It affects your intelligence (+6).
   Stlth:     It makes you more stealthy.
 v - a +0 vorpal spear
 y - a +0 dagger of distortion
 C - the +6 whip "Soeg" {protect, rPois Str+8 Int-2 Dex-3}
   (You found it on level 8 of the Dungeon)

   It grants its wielder temporary protection when it strikes (+7 to AC).
   Str:       It affects your strength (+8).
   Int:       It affects your intelligence (-2).
   Dex:       It affects your dexterity (-3).
   rPois:     It protects you from poison.
 D - a +2 whip of flaming
 K - a +2 dagger of speed
 L - a +1 battleaxe of freezing
 O - a +0 vorpal battleaxe
Missiles
 b - 2 throwing nets
 l - 3 boomerangs (quivered)
 s - 34 poisoned darts
 M - 2 curare-tipped darts
Armour
 a - a +1 leather armour (melded)
 p - a +0 kite shield
 E - a +2 pair of gloves of hurling (melded)
 F - a +2 robe of willpower
 H - +0 steam dragon scales
Jewellery
 g - a ring of magical power
 j - the cursed ring of Ashenzari's Scepticism (right front leg) {rF+, Melee, Fort}
   (You found it on level 3 of the Dungeon)

   [ring of protection from fire]

   rF:        It protects you from fire.
   It has a curse which improves the following skills: Melee Combat: Short
   Blades, Long Blades, Axes, Maces & Flails, Polearms, Staves and Unarmed
   Combat.
   Fortitude: Armour and Shields.
 n - the cursed ring "Mantic Paranoia" (left front leg) {AC+4, Self, Range}
   (You found it on level 4 of the Dungeon)

   [ring of protection]

   AC:        It affects your AC (+4).
   It has a curse which improves the following skills: Introspection: Fighting
   and Spellcasting.
   Ranged Combat: Slings, Bows, Crossbows and Throwing.
 G - a ring of resist corrosion
 I - a ring of protection from fire
 P - the ring of Femm {rPois Will++ Int-5 Dex+6}
   (You found it in a Gauntlet)

   [ring of dexterity]

   Int:       It affects your intelligence (-5).
   Dex:       It affects your dexterity (+6).
   rPois:     It protects you from poison.
   Will:      It greatly increases your willpower.
Wands
 x - a wand of acid (5)
 z - a wand of digging (6)
 A - a wand of polymorph (5)
Scrolls
 m - a scroll of holy word
 q - a scroll of noise
 r - 2 scrolls of teleportation
 w - 4 scrolls of immolation
 B - 2 scrolls of amnesia
 J - a scroll of fog
Potions
 c - 2 potions of mutation
 d - a potion of lignification
 e - 2 potions of heal wounds
 f - 2 potions of invisibility
 i - 4 potions of curing
 k - 5 potions of flight
 o - 2 potions of haste
 t - a potion of brilliance
 Q - a potion of might
Miscellaneous
 N - a lightning rod (4/4)


   Skills:
 + Level 7.9(8.8) Fighting
 + Level 5.3(6.2) Throwing
 - Level 1.0(1.5) Armour
 - Level 2.1 Dodging
 + Level 6.9 Stealth
 + Level 7.9(8.8) Unarmed Combat
 + Level 6.0(6.9) Spellcasting


You couldn't memorise any spells.
You knew the following spells:

 Your Spells              Type           Power      Damage    Failure   Level
a - Blink                 Tloc           64%        N/A       4%          2
b - Lesser Beckoning      Tloc           32%        N/A       8%          3
c - Gell's Gravitas       Tloc           32%        N/A       8%          3
d - Teleport Other        Tloc           32%        N/A       8%          3
e - Manifold Assault      Tloc           32%        N/A       36%         5
f - Shock                 Conj/Air       100%       1d9       4%          1
g - Static Discharge      Conj/Air       32%        N/A       4%          2
h - Spider Form           Tmut/Pois      32%        N/A       8%          3
i - Inner Flame           Hex/Fire       32%        N/A       8%          3
j - Yara's Violent Unrav  Hex/Tmut       16%        3d8       36%         5
Your spell library was empty.

Dungeon Overview and Level Annotations

Branches:
Dungeon (10/15)            Temple (1/1) D:4            Lair (1/6) D:10
    Orc (0/2) D:9         Gauntlet (1/1)

Altars:
Ashenzari
Cheibriados
Dithmenos
Elyvilon
Fedhas
Gozag
Hepliaklqana
Kikubaaqudgha
Makhleb
Nemelex Xobeh
Okawaru
Qazlal
Ru
Sif Muna
Trog
Uskayaw
Vehumet
Wu Jian
Xom
Yredelemnul
Zin
The Shining One

Shops:
D:6 [   D:7 :   D:9 [

Annotations:
D:4 2 transporters
D:10 Erica Gauntlet 12 transporters, exclusion: ice statue


Innate Abilities, Weirdness & Mutations

You are a venomous arachnid creature.
You have poisonous fangs.
You are tiny and dextrous.
You are flying.
Your spellcasting is less reliable in this form.
Your armour is entirely melded.
You are incapable of wielding weapons or throwing items.
You are immune to sickness and miasma.
You are immune to poison.
((Your flesh is very heat resistant. (rF++)))
((You are vulnerable to cold. (rC-)))
You float through the air rather than walking.
You learn spells naturally, not from books.
Your magical power is your life essence.
You have superior vitality. (+4 MHP)


Message History

Found a gate leading back out of this place.
The minotaur bellows!
There is an open door here.
The minotaur hits you with a +2 long sword of protection!!!
Ouch! That really hurt!
The minotaur gores you but does no damage.
You bite the minotaur!
The minotaur is lightly wounded.
The minotaur hits you with a +2 long sword of protection!
The minotaur closely misses you.
There is an open door here.
You bite the minotaur!
The minotaur is moderately wounded.
The minotaur hits you with a +2 long sword of protection!!
* * * LOW HITPOINT WARNING * * *
The minotaur closely misses you.
Unknown command.
Okay, then.
Okay, then.
Casting: Spider Form (dangerous; 8% risk of failure)
Confirm with . or Enter, or press ? or * to list all spells.
You blink.
* * * LOW HITPOINT WARNING * * *
You feel much better.
You feel much better.
Your transformation is almost over.
You feel stable enough to blink again.
The minotaur throws a silver javelin.
The silver javelin pierces through you! The silver sears you!
* * * LOW HITPOINT WARNING * * *
You fade into invisibility!
Aiming: Corrosive Bolt
Press: ? - help, Shift-Dir - straight line, f - minotaur
Aim: a minotaur, wielding a +2 long sword of protection, wearing a +0 plate armour, wearing a ring of willpower and quivering silver javelins (lightly wounded, 86% to hit)
The bolt of acid hits the minotaur.
The acid corrodes the minotaur!
The minotaur is moderately wounded.
The minotaur throws a silver javelin.
The silver javelin pierces through you!!
* * * LOW HITPOINT WARNING * * *
The silver sears you!
You die...

####### #≈≈≈≈≈# ≈≈∩≈≈
... ###.### #.....#
#######'#######
#........H..s.#
#.###.###.###.#
#.###.###.## .#
#.............#
###.###.###.###
#####.###.###.#####
#≈...............≈#
###8..©.©.©.©.©.©..8####
### ###
8##≈§..............≈##8#
#8# #8#


You could see a minotaur (corroded).

Vanquished Creatures
  Pikel (D:7)
  A cyclops (D:8)
  An apocalypse crab (Gauntlet)
  Psyche (D:8)
  2 kobold demonologists
  2 rime drakes (Gauntlet)
  A hornet (D:9)
  A vampire (D:9)
  A shadow (Gauntlet)
  7 wargs
  2 steam dragons
  3 orc warriors
  A water moccasin (D:5)
  3 sky beasts
  A hornet zombie (D:8)
  4 centaurs
  A lemure (D:8)
  3 kobold brigands
  A gnoll sergeant (D:2)
  4 bullfrogs
  A scorpion (D:4)
  2 centaur zombies
  4 hounds
  A gnoll shaman (D:8)
  4 orc priests
  2 jellies
  A bullfrog skeleton (D:6)
  A centaur skeleton (D:7)
  An iguana (D:6)
  7 orc wizards
  2 howler monkey zombies
  A howler monkey skeleton (D:6)
  12 gnolls
  3 adders
  2 shadow imps
  2 white imps
  2 ufetubi
  4 worms
  3 dart slugs
  35 orcs
  3 bats (D:1)
  2 endoplasms (D:2)
  3 giant cockroaches
  10 goblins
  6 hobgoblins
  5 quokkas
  5 ball pythons
  4 frilled lizards
  14 kobolds
  5 rats
188 creatures vanquished.

Vanquished Creatures (others)
  2 fungi
  5 withered plants (Gauntlet)
7 creatures vanquished.

Grand Total: 195 creatures vanquished

Notes
Turn   | Place    | Note
-------+----------+-------------------------------------------
     0 | D:1      | Shayle the Djinni Warper began the quest for the Orb.
     0 | D:1      | Reached XP level 1. HP: 18/18 MP: 0/0
   171 | D:1      | Found a faded altar of an unknown god.
   355 | D:1      | Reached XP level 2. HP: 18/23 MP: 0/0
  1323 | D:2      | Reached skill level 1 in Stealth
  1535 | D:2      | Reached XP level 3. HP: 29/29 MP: 0/0
  1535 | D:2      | Learned a level 1 spell: Shock
  1988 | D:3      | Reached XP level 4. HP: 12/34 MP: 0/0
  2558 | D:3      | Noticed a gnoll sergeant
  2653 | D:4      | Found a staircase to the Ecumenical Temple.
  2668 | Temple   | Entered the Ecumenical Temple
  2744 | D:4      | Reached XP level 5. HP: 36/40 MP: 0/0
  2744 | D:4      | Learned a level 2 spell: Static Discharge
  2956 | D:4      | Found a broken altar of Ashenzari.
  2970 | D:4      | Became a worshipper of Ashenzari the Shackled
  3057 | D:4      | Found a transporter.
  3248 | D:4      | Found a transporter.
  3497 | D:4      | Noticed a phantom
  3807 | D:3      | Reached XP level 6. HP: 39/46 MP: 0/0
  4585 | D:2      | Identified the +8 whip "Kiwk" {pain, Int+6 Stlth+}
  4773 | D:2      | HP: 2/47 [gnoll (3)]
  5397 | D:5      | Entered Level 5 of the Dungeon
  5673 | D:5      | Reached XP level 7. HP: 45/52 MP: 0/0
  5673 | D:5      | Learned a level 3 spell: Spider Form
  5731 | D:5      | Noticed a water moccasin
  5742 | D:5      | Killed a water moccasin
  6199 | D:5      | Found a glowing silver altar of Zin.
  6813 | D:6      | Reached skill level 1 in Throwing
  6939 | D:6      | Reached XP level 8. HP: 36/59 MP: 0/0
  7417 | D:6      | Found Utrekh's Antique Armour Shop.
  7441 | D:6      | Bought a pair of runed gloves for 150 gold pieces
  7725 | D:7      | Found Rochoij's Self-Improvement Boutique.
  7770 | D:7      | Reached skill level 5 in Fighting
  7770 | D:7      | Reached skill level 5 in Unarmed Combat
  8111 | D:7      | Found a blossoming altar of Fedhas.
  8120 | D:7      | Found a basalt altar of Yredelemnul.
  8320 | D:8      | Noticed Psyche
  8367 | D:8      | Killed Psyche
  8368 | D:8      | Reached XP level 9. HP: 22/66 MP: 0/0
  8368 | D:8      | Learned a level 3 spell: Inner Flame
  8600 | D:8      | Noticed a cyclops
  8613 | D:8      | Killed a cyclops
  8640 | D:8      | Identified the +6 whip "Soeg" {protect, rPois Str+8 Int-2
                  | Dex-3}
  8649 | D:8      | Noticed Pikel
  8674 | D:7      | Killed Pikel
  8675 | D:7      | Reached skill level 5 in Stealth
  9494 | D:8      | Reached XP level 10. HP: 58/73 MP: 0/0
  9503 | D:8      | Reached skill level 5 in Spellcasting
 10722 | D:8      | Found a sacrificial altar of Ru.
 11269 | D:9      | Found a staircase to the Orcish Mines.
 12920 | D:9      | Found Sotab's Armour Emporium.
 13097 | D:10     | Entered Level 10 of the Dungeon
 13542 | D:10     | Noticed a kobold demonologist
 13542 | D:10     | Noticed Erica
 13545 | D:10     | Noticed a kobold demonologist
 13552 | D:10     | Noticed an orange demon
 14093 | D:8      | Noticed a soul eater
 14095 | D:8      | Killed a kobold demonologist
 14895 | D:10     | Found a staircase to the Lair.
 14906 | D:10     | Noticed a sixfirhy
 14913 | D:10     | Killed a kobold demonologist
 14914 | D:10     | Reached skill level 5 in Throwing
 14914 | D:10     | Reached XP level 11. HP: 15/81 MP: 0/0
 14914 | D:10     | Learned a level 5 spell: Yara's Violent Unravelling
 15221 | D:10     | Noticed a fire dragon
 15249 | Lair:1   | Entered Level 1 of the Lair of Beasts
 15311 | Lair:1   | Found a gate leading to a gauntlet.
 15326 | Gauntlet | Entered a Gauntlet
 15326 | Gauntlet | Found a transporter.
 15336 | Gauntlet | Found a transporter.
 15355 | Gauntlet | Found a transporter.
 15375 | Gauntlet | Found a transporter.
 15390 | Gauntlet | Found a transporter.
 15396 | Gauntlet | Found a transporter.
 15400 | Gauntlet | Reached * piety under Ashenzari
 15416 | Gauntlet | Identified the ring of Femm {rPois Will++ Int-5 Dex+6}
 15418 | Gauntlet | Found a transporter.
 15430 | Gauntlet | Identified the +8 flail "Murmur" {vamp, Stlth+}
 15430 | Gauntlet | Noticed a death yak
 15432 | Gauntlet | Found a transporter.
 15432 | Gauntlet | Noticed a death yak
 15432 | Gauntlet | Noticed a death yak
 15433 | Gauntlet | Noticed a death yak
 15435 | Gauntlet | Noticed a necromancer
 15440 | Gauntlet | Noticed a sixfirhy
 15443 | Gauntlet | Noticed a sixfirhy
 15444 | Gauntlet | Found a transporter.
 15446 | Gauntlet | Identified the +2 pair of boots of Indomitability {*Slow
                  | rElec Str+3}
 15452 | Gauntlet | Noticed a shock serpent
 15455 | Gauntlet | Noticed an anaconda
 15456 | Gauntlet | Found a transporter.
 15466 | Gauntlet | Identified a scroll of acquirement
 15468 | Gauntlet | Found a transporter.
 15468 | Gauntlet | Noticed a sea snake
 15468 | Gauntlet | an anaconda changed into a sea snake
 15469 | Gauntlet | Noticed an anaconda
 15469 | Gauntlet | a shock serpent changed into an anaconda
 15472 | Gauntlet | an anaconda changed into a tyrant leech
 15473 | Gauntlet | Noticed a hell beast
 15483 | Gauntlet | Found a transporter.
 15490 | Gauntlet | Noticed an eight-headed hydra
 15497 | Gauntlet | Found a transporter.
 15505 | Gauntlet | Found the ring of the Octopus King {rCorr AC+1 EV+1 Str+1
                  | Int+1 Dex+1}
 15505 | Gauntlet | Found the ring of the Octopus King {rCorr AC+1 EV+1 Str+1
                  | Int+1 Dex+1}
 15514 | Gauntlet | Found a transporter.
 15551 | Gauntlet | Found a transporter.
 15785 | Gauntlet | Found a transporter.
 15789 | Gauntlet | Found a transporter.
 15793 | Gauntlet | Found a transporter.
 15822 | Gauntlet | Noticed a lindwurm
 15822 | Gauntlet | a swamp worm changed into a lindwurm
 16101 | Gauntlet | Noticed a minotaur
 16111 | Gauntlet | Hit by a silver javelin thrown by a minotaur

Illustrated notes

Levels and vault maps discovered:
D:1:      psy_arrival_radial02, layout_loops_cross,
          shapermc_ecumenical_altar_ellora, minivault_14,
          chequers_serial_rivers_room_b, grunt_decor_fettered, minivault_14
D:2:      layout_loops_corners, minmay_goblin_outpost
D:3:      layout_loops_cross
D:4:      gammafunk_cloud_chamber, layout_loops_ring,
          mainiacjoe_overflow_two_lobes, temple_fountains
D:5:      layout_basic, zin_scriptorium, hex_intersection, dk_noncrumbling_4,
          roderic_serpentine_path
D:6:      layout_basic, serial_shops, shop, minmay_manual_maat
D:7:      layout_cave_pools, mainiacjoe_overflow_swirl, nicolae_shop_self_help
D:8:      layout_basic, nicolae_ru_path_of_blood, grunt_ministairs_2,
          uniq_psyche, uniq_pikel
D:9:      layout_long_grid, minmay_orc_entry_guard_dogs, serial_shops,
          nicolae_shop_behind_doors
D:10:     layout_grid_maze, erik_lair_orcish_takeover, serial_glass,
          glass_columns_a, glass_columns_a, kennysheep_decorative_pillar,
          uniq_josephine, uniq_erica
Temple:   lightli_temple_of_artemis
Lair:1:   layout_loops_ring, basic_altar, gauntlet_entry_generic,
          lemuel_fruit_fields
Gauntlet: gammafunk_gauntlet_one_two_three [gammafunk_gauntlet_arena_crates,
          gammafunk_gauntlet_arena_mazey, gammafunk_gauntlet_arena_grid,
          nicolae_gauntlet_arena_grate_2, gammafunk_gauntlet_arena_chambers,
          nicolae_gauntlet_arena_quarters, nicolae_gauntlet_arena_blocks,
          gammafunk_gauntlet_arena_split_diamond,
          gammafunk_gauntlet_arena_spirals, gauntlet_exit_watery]

Skill      XL: |  1  2  3  4  5  6  7  8  9 10 11 |
---------------+----------------------------------+-----
Stealth        | 1 2 3 4 5 6 |  6.9
Fighting       | 3 4 5 6 7 |  7.9
Unarmed Combat | 3 4 5 6 7 |  7.9
Spellcasting   | 3 4 5 6 |  6.0
Throwing       | 1 2 3 5 |  5.3
Armour         | |  1.0
Dodging        | |  2.1

Action                   |  1- 3 |  4- 6 |  7- 9 | 10-12 || total
-------------------------+-------+-------+-------+-------++-------
Melee: Unarmed           |    90 |       |   136 |   199 ||   425
       Punch             |     1 |     2 |     4 |     6 ||    13
       Flail             |       |    87 |       |       ||    87
       Whip              |       |     9 |    90 |    54 ||   153
Throw: Boomerang         |     5 |       |       |       ||     5
 Cast: Shock             |    30 |    60 |       |       ||    90
       Blink             |       |     3 |     7 |     1 ||    11
       Spider Form       |       |       |    14 |    22 ||    36
Invok: Curse Item        |       |       |     1 |     1 ||     2
Evoke: Wand              |       |       |       |     8 ||     8
  Use: Scroll            |     3 |     3 |    11 |     2 ||    19
       Potion            |       |       |       |     4 ||     4
 Stab: Sleeping          |     1 |     2 |     7 |       ||    10
Armor: Leather armour    |    33 |    25 |    65 |    30 ||   153
       Skin              |       |       |    30 |    38 ||    68
Dodge: Dodged            |    88 |    68 |   152 |   283 ||   591

Table legend: (Time is in decaauts)
 A = Elapsed time spent in this place.
 B = Non-inter-level travel time spent in this place.
 C = Inter-level travel time spent in this place.
 D = Time resting spent in this place.
 E = Time spent auto-exploring this place.
 F = Levels seen in this place.
 G = Mean time per level.
                   A        B        C        D        E       F      G
               +--------+--------+--------+--------+--------+-----+--------+
         Total |  16150 |  15442 |    708 |   5179 |   6878 |  13 | 1242.3 |
       Dungeon |  15253 |  14545 |    708 |   4781 |   6878 |  10 | 1525.3 |
        Temple |     39 |     39 |      0 |      0 |      0 |   1 |   39.0 |
          Lair |     76 |     76 |      0 |     50 |      0 |   1 |   76.0 |
      Gauntlet |    781 |    781 |      0 |    348 |      0 |   1 |  781.0 |
               +--------+--------+--------+--------+--------+-----+--------+

Top non-repeatable levels by time:
     D:8: 3283 daAuts
     D:9: 2938 daAuts
     D:2: 2269 daAuts
     D:5: 1271 daAuts
     D:3: 1175 daAuts
     D:6: 1018 daAuts
     D:1: 979 daAuts
     D:4: 967 daAuts
     D:7: 829 daAuts
Gauntlet: 781 daAuts
    D:10: 520 daAuts
  Lair:1: 76 daAuts
  Temple: 39 daAuts
